YL
SUTHERLAND STARS @ FAIRFIELD ROBINS
07/01/2022
 
TOP OF THE 1ST
Sutherland Stars batting - Pitching for Fairfield Robins : RHP Trip Norton
Pitching: RHP Trip Norton
Batting: LHB Daniel Tolman 0-0: Called Strike
0-1: Called Strike
0-2: Foul Ball, location: 7LMF
0-2: Fly out, F7 (Flyball, 7S, EV 85.6 MPH)
Batting: RHB Matt Gazzard 0-0: Ball
1-0: Called Strike
1-1: Swinging Strike
1-2: Foul Ball, location: 2RF
1-2: Ground out 5-3 (Groundball, 56, EV 91.9 MPH)
Batting: LHB Ben Hopps 0-0: Ball
1-0: Ball
2-0: Foul Ball, location: 3FF
2-1: Ground out 1-3 (Groundball, 13, EV 66.3 MPH)
Top of the 1st over - 0 runs, 0 hits, 0 errors, 0 left on base; Sutherland 0 - Fairfield 0
BOTTOM OF THE 1ST
Fairfield Robins batting - Pitching for Sutherland Stars : RHP Luke Mauro
Pitching: RHP Luke Mauro
Batting: RHB Les Freier 0-0: Called Strike
0-1: Swinging Strike
0-2: Ball
1-2: SINGLE (Line Drive, 4D, EV 94.4 MPH)
Batting: SHB David Lewington 0-0: DOUBLE (Flyball, 8LXD, EV 96.3 MPH)
Les Freier to third
Batting: LHB Ernest Shillito 0-0: Foul Ball, location: 7LSF
0-1: Swinging Strike
0-2: Ball
1-2: 3-RUN HOME RUN (Line Drive, 9LD, EV 96.3 MPH), Distance : 354 ft
Batting: SHB Adrian Atkins 0-0: Foul Ball, location: 9LMF
0-1: Ball
1-1: Ball
2-1: Foul Ball, location: 5FF
2-2: Fly out, F8 (Flyball, 78M, EV 86.3 MPH)
Batting: LHB Gabriel Moss 0-0: Fly out, F6 (Popup, P, EV 81.3 MPH)
Batting: RHB Billy Anyan 0-0: Ball
1-0: Fly out, F8 (Flyball, 8LD, EV 106.3 MPH)
Bottom of the 1st over - 3 runs, 3 hits, 0 errors, 0 left on base; Sutherland 0 - Fairfield 3
TOP OF THE 2ND
Sutherland Stars batting - Pitching for Fairfield Robins : RHP Trip Norton
Batting: RHB Noel Biddulph 0-0: Swinging Strike
0-1: SINGLE (Groundball, 3S, EV 69.4 MPH) (infield hit)
Batting: RHB J.C. Kelsey 0-0: Ball
1-0: Foul Ball, location: 2F
1-1: Ball
2-1: Fly out, F8 (Flyball, 8RM, EV 97.5 MPH)
Batting: LHB Chris Burge 0-0: Foul Ball, location: 9LSF
0-1: Foul Ball, location: 7LSF
0-2: Strikes out looking
Batting: RHB Adrian Draycott 0-0: Called Strike
0-1: Single, Error in OF, E7, batter to second base (Line Drive, 78S, EV 103.1 MPH)
Noel Biddulph to third
Batting: LHB Nunzio Garrone 0-0: Ground out 6-3 (Groundball, 6, EV 86.9 MPH)
Top of the 2nd over - 0 runs, 2 hits, 1 error, 2 left on base; Sutherland 0 - Fairfield 3
BOTTOM OF THE 2ND
Fairfield Robins batting - Pitching for Sutherland Stars : RHP Luke Mauro
Batting: RHB B.B. Sallis 0-0: Ball
1-0: Ground out U3 (Groundball, 34, EV 90.0 MPH)
Batting: LHB Rex Cattermole 0-0: Foul Ball, location: 2F
0-1: Ball
1-1: Ball
2-1: Fly out, F7 (Line Drive, 7S, EV 96.3 MPH)
Batting: RHB Destin Purkis 0-0: Fly out, F8 (Flyball, 8RM, EV 87.5 MPH)
Bottom of the 2nd over - 0 runs, 0 hits, 0 errors, 0 left on base; Sutherland 0 - Fairfield 3
TOP OF THE 3RD
Sutherland Stars batting - Pitching for Fairfield Robins : RHP Trip Norton
Batting: RHB Shane Leaper 0-0: Called Strike
0-1: Ball
1-1: Ball
2-1: Swinging Strike
2-2: Foul Ball, location: 7LDF
2-2: Foul Ball, location: 3F
2-2: Strikes out swinging
Batting: LHB Daniel Tolman 0-0: Ball
1-0: Swinging Strike
1-1: Foul Ball, location: 2F
1-2: Ball
2-2: Ball
3-2: Foul Ball, location: 2F
3-2: Fly out, F8 (Flyball, 89M, EV 92.5 MPH)
Batting: RHB Matt Gazzard 0-0: Ball
1-0: Ball
2-0: Called Strike
2-1: Ball
3-1: Fly out, F8 (Flyball, 8RM, EV 98.1 MPH)
Top of the 3rd over - 0 runs, 0 hits, 0 errors, 0 left on base; Sutherland 0 - Fairfield 3
BOTTOM OF THE 3RD
Fairfield Robins batting - Pitching for Sutherland Stars : RHP Luke Mauro
Batting: RHB Les Freier 0-0: Ball
1-0: Foul Ball, location: 2F
1-1: Swinging Strike
1-2: Foul Ball, location: 23FF
1-2: Ball
2-2: Ball
3-2: SINGLE (Groundball, 4D, EV 105.6 MPH)
Batting: SHB David Lewington 0-0: DOUBLE (Flyball, 8LXD, EV 106.9 MPH)
Les Freier to third
Batting: LHB Ernest Shillito 0-0: Swinging Strike
0-1: Swinging Strike
0-2: Ball
1-2: Ball
2-2: Ground out U3 (Groundball, 3, EV 78.8 MPH)
Batting: SHB Adrian Atkins 0-0: Ball
1-0: Foul Ball, location: 7LMF
1-1: Ball
2-1: Called Strike
2-2: Ball
3-2: Foul Ball, location: 7LMF
3-2: Foul Ball, location: 5F
3-2: Foul Ball, location: 2F
3-2: Foul Ball, location: 7LMF
3-2: Fly out, F8 (Flyball, 78M, EV 82.5 MPH)
Runner from 3rd tags up, OUT at HOME! 8-2
Bottom of the 3rd over - 0 runs, 2 hits, 0 errors, 1 left on base; Sutherland 0 - Fairfield 3
TOP OF THE 4TH
Sutherland Stars batting - Pitching for Fairfield Robins : RHP Trip Norton
Batting: LHB Ben Hopps 0-0: Ball
1-0: Foul Ball, location: 2F
1-1: Called Strike
1-2: Foul Ball, location: 9LSF
1-2: Ball
2-2: Foul Ball, location: 3F
2-2: Ball
3-2: Strikes out swinging
Batting: RHB Noel Biddulph 0-0: Foul Ball, location: 2F
0-1: Ball
1-1: Ground out 1-3 (Groundball, 13S, EV 69.4 MPH)
Batting: RHB J.C. Kelsey 0-0: Ball
1-0: Ball
2-0: Ball
3-0: Base on Balls
Batting: LHB Chris Burge 0-0: Ball
1-0: Ground out 4-3 (Groundball, 4, EV 106.9 MPH)
Top of the 4th over - 0 runs, 0 hits, 0 errors, 1 left on base; Sutherland 0 - Fairfield 3
BOTTOM OF THE 4TH
Fairfield Robins batting - Pitching for Sutherland Stars : RHP Luke Mauro
Batting: LHB Gabriel Moss 0-0: Swinging Strike
0-1: Fly out, F8 (Flyball, 8LM, EV 90.6 MPH)
Batting: RHB Billy Anyan 0-0: Foul Ball, location: 2F
0-1: Foul Ball, location: 23F
0-2: Strikes out looking
Batting: RHB B.B. Sallis 0-0: Foul Ball, location: 9LSF
0-1: Ball
1-1: Ball
2-1: Ball
3-1: Base on Balls
Batting: LHB Rex Cattermole 0-0: Called Strike
0-1: Fly out, F7 (Flyball, 7, EV 88.1 MPH)
Bottom of the 4th over - 0 runs, 0 hits, 0 errors, 1 left on base; Sutherland 0 - Fairfield 3
TOP OF THE 5TH
Sutherland Stars batting - Pitching for Fairfield Robins : RHP Trip Norton
Batting: RHB Adrian Draycott 0-0: Ball
1-0: Ball
2-0: Foul Ball, location: 9LMF
2-1: Ball
3-1: Foul Ball, location: 2F
3-2: SINGLE (Line Drive, 56D, EV 104.4 MPH)
Batting: LHB Nunzio Garrone 0-0: Sac Bunt to 13S - play at first, batter safe!
Adrian Draycott to second
Batting: RHB Shane Leaper 0-0: Called Strike
0-1: Sac Bunt to 13 - play at first, batter OUT! 1-3
Adrian Draycott to third
Nunzio Garrone to second
Batting: LHB Daniel Tolman 0-0: Ground out 6-3 (Groundball, 56D, EV 95.6 MPH)
Batting: RHB Matt Gazzard 0-0: Ball
1-0: Swinging Strike
1-1: Ball
2-1: Called Strike
2-2: Foul Ball, location: 2F
2-2: Ball
3-2: Ground out 4-3 (Groundball, 34, EV 106.3 MPH)
Top of the 5th over - 0 runs, 2 hits, 0 errors, 2 left on base; Sutherland 0 - Fairfield 3
BOTTOM OF THE 5TH
Fairfield Robins batting - Pitching for Sutherland Stars : RHP Luke Mauro
Batting: RHB Destin Purkis 0-0: Ground out 5-3 (Groundball, 56, EV 87.5 MPH)
Batting: RHB Les Freier 0-0: Ball
1-0: Foul Ball, location: 23F
1-1: Ball
2-1: Swinging Strike
2-2: Foul Ball, location: 9LDF
2-2: Ground out 5-3 (Groundball, 56S, EV 65.6 MPH)
Batting: SHB David Lewington 0-0: Swinging Strike
0-1: Fly out, F7 (Flyball, 7, EV 99.4 MPH)
Bottom of the 5th over - 0 runs, 0 hits, 0 errors, 0 left on base; Sutherland 0 - Fairfield 3
TOP OF THE 6TH
Sutherland Stars batting - Pitching for Fairfield Robins : RHP Trip Norton
Batting: LHB Ben Hopps 0-0: DOUBLE (Groundball, 3D, EV 98.1 MPH)
Batting: RHB Noel Biddulph 0-0: Ground out 3-1 (Groundball, 34, EV 99.4 MPH)
Ben Hopps to third
Batting: RHB J.C. Kelsey 0-0: Called Strike
0-1: Foul Ball, location: 2F
0-2: Strikes out looking
Batting: LHB Chris Burge 0-0: Called Strike
0-1: Foul Ball, location: 23FF
0-2: Ball
1-2: Foul Ball, location: 5FF
1-2: Foul Ball, location: 7LSF
1-2: Ground out 1-3 (Groundball, 34S, EV 75.6 MPH)
Top of the 6th over - 0 runs, 1 hit, 0 errors, 1 left on base; Sutherland 0 - Fairfield 3
BOTTOM OF THE 6TH
Fairfield Robins batting - Pitching for Sutherland Stars : RHP Luke Mauro
Batting: LHB Ernest Shillito 0-0: Ball
1-0: Swinging Strike
1-1: Swinging Strike
1-2: Strikes out swinging
Batting: SHB Adrian Atkins 0-0: Ball
1-0: Ball
2-0: Called Strike
2-1: Ball
3-1: Foul Ball, location: 2F
3-2: Foul Ball, location: 2F
3-2: Foul Ball, location: 3F
3-2: Base on Balls
Batting: LHB Gabriel Moss 0-0: Called Strike
0-1: Foul Ball, location: 23FF
0-2: Strikes out swinging
Batting: RHB Billy Anyan 0-0: SINGLE (Line Drive, 89S, EV 91.9 MPH)
Adrian Atkins to second
Runner from 2nd tries for 3rd, SAFE, throw by CF made to third
Batting: RHB B.B. Sallis 0-0: Called Strike
0-1: Ball
1-1: Fly out, F7 (Flyball, 78M, EV 73.8 MPH)
Bottom of the 6th over - 0 runs, 1 hit, 0 errors, 2 left on base; Sutherland 0 - Fairfield 3
TOP OF THE 7TH
Sutherland Stars batting - Pitching for Fairfield Robins : RHP Trip Norton
Pitching: RHP Will Stevens
Batting: RHB Adrian Draycott 0-0: Swinging Strike
0-1: DOUBLE (Groundball, 5L, EV 105.6 MPH)
Batting: LHB Nunzio Garrone 0-0: Ball
1-0: Foul Ball, location: 7LDF
1-1: Ball
2-1: Fly out, F8 (Flyball, 8RM, EV 74.4 MPH)
Batting: RHB Shane Leaper 0-0: Ball
1-0: Foul Ball, location: 7LSFF
1-1: Ball
2-1: DOUBLE (Line Drive, 9LS, EV 105.0 MPH)
Adrian Draycott scores
Batting: LHB Daniel Tolman 0-0: Called Strike
0-1: Foul Ball, location: 2F
0-2: Strikes out looking
Batting: RHB Matt Gazzard 0-0: Ball
1-0: Called Strike
1-1: Called Strike
1-2: Ball
2-2: Strikes out swinging
Top of the 7th over - 1 run, 2 hits, 0 errors, 1 left on base; Sutherland 1 - Fairfield 3
BOTTOM OF THE 7TH
Fairfield Robins batting - Pitching for Sutherland Stars : RHP Luke Mauro
Batting: LHB Rex Cattermole 0-0: Called Strike
0-1: Ball
1-1: Ball
2-1: Ball
3-1: Base on Balls
Pitching: LHP Ian Hallett
Batting: RHB Destin Purkis 0-0: Ball
1-0: Fly out, F3 (Popup, 34S, EV 70.0 MPH)
Batting: RHB Les Freier 0-0: Foul Ball, location: 9LDF
0-1: Foul Ball, location: 2F
0-2: SINGLE (Groundball, 6MD, EV 106.3 MPH)
Rex Cattermole to second
Batting: SHB David Lewington 0-0: Grounds into double play, 6-4-3 (Groundball, 6, EV 85.0 MPH)
Bottom of the 7th over - 0 runs, 1 hit, 0 errors, 1 left on base; Sutherland 1 - Fairfield 3
TOP OF THE 8TH
Sutherland Stars batting - Pitching for Fairfield Robins : RHP Will Stevens
Batting: LHB Ben Hopps 0-0: Called Strike
0-1: Ball
1-1: Foul Ball, location: 9LSF
1-2: TRIPLE (Groundball, 3L, EV 106.3 MPH)
Batting: RHB Noel Biddulph 0-0: Called Strike
0-1: Ball
1-1: Swinging Strike
1-2: Foul Ball, location: 2F
1-2: 2-RUN HOME RUN (Line Drive, 78XD, EV 108.1 MPH), Distance : 420 ft
Pitching: RHP Bernard Tremwade
Batting: RHB J.C. Kelsey 0-0: Swinging Strike
0-1: Ball
1-1: Swinging Strike
1-2: Ball
2-2: Foul Ball, location: 25F
2-2: Ball
3-2: Base on Balls
Batting: LHB Chris Burge 0-0: Ball
1-0: Ball
2-0: Bunted foul
2-1: Called Strike
2-2: Foul Ball, location: 7LMF
2-2: Ball
3-2: Foul Ball, location: 2F
3-2: SINGLE (Groundball, 6, EV 96.3 MPH) (infield hit)
J.C. Kelsey to second
Batting: RHB Adrian Draycott 0-0: Ball
1-0: Fly out, F4 (Flyball, 4D, EV 87.5 MPH)
Pinch Hitting: LHB Don Harragon 0-0: 3-RUN HOME RUN (Line Drive, 89XD, EV 103.1 MPH), Distance : 412 ft
Pitching: RHP Rod Purdy
Batting: RHB Shane Leaper 0-0: Called Strike
0-1: Foul Ball, location: 3DF
0-2: Ball
1-2: Strikes out swinging
Batting: LHB Daniel Tolman 0-0: Called Strike
0-1: Ball
1-1: Called Strike
1-2: Ball
2-2: Foul Ball, location: 5F
2-2: Strikes out looking
Top of the 8th over - 5 runs, 4 hits, 0 errors, 0 left on base; Sutherland 6 - Fairfield 3
BOTTOM OF THE 8TH
Fairfield Robins batting - Pitching for Sutherland Stars : LHP Ian Hallett
Now in LF: Noel Biddulph
Now in CF: Les Lynch
Pinch Hitting: RHB Steve Newell 0-0: Ball
1-0: Called Strike
1-1: Ball
2-1: Ball
3-1: Base on Balls
Batting: SHB Adrian Atkins 0-0: Ball
1-0: Ball
2-0: Ball
3-0: Base on Balls
Steve Newell to second
Pinch Hitting: RHB Will Maher 0-0: Ball
1-0: Called Strike
1-1: Foul Ball, location: 9LMF
1-2: Ball
2-2: Fly out, F9 (Line Drive, 89M, EV 93.8 MPH)
Pinch Hitting: LHB Jason Reynolds 0-0: Called Strike
0-1: Swinging Strike
0-2: Ball
1-2: Foul Ball, location: 3DF
1-2: Foul Ball, location: 2LF
1-2: Strikes out swinging
Batting: RHB B.B. Sallis 0-0: Called Strike
0-1: Ball
1-1: Fly out, F8 (Flyball, 8RD, EV 96.3 MPH)
Bottom of the 8th over - 0 runs, 0 hits, 0 errors, 2 left on base; Sutherland 6 - Fairfield 3
TOP OF THE 9TH
Sutherland Stars batting - Pitching for Fairfield Robins : RHP Rod Purdy
Now at 1B: Greg Hilder
Now in LF: Will Maher
Now in RF: Matt Mashiter
Batting: RHB Matt Gazzard 0-0: Ground out 3-1 (Groundball, 34S, EV 85.0 MPH)
Batting: LHB Ben Hopps 0-0: Ball
1-0: Ball
2-0: Called Strike
2-1: Foul Ball, location: 2LF
2-2: Ball
3-2: Strikes out looking
Batting: RHB Noel Biddulph 0-0: Fly out, F9 (Flyball, 9LM, EV 95.6 MPH)
Top of the 9th over - 0 runs, 0 hits, 0 errors, 0 left on base; Sutherland 6 - Fairfield 3
BOTTOM OF THE 9TH
Fairfield Robins batting - Pitching for Sutherland Stars : LHP Ian Hallett
Pitching: RHP Will Snodgrass
Now at 2B: Shane Leaper
Now at SS: Noel Cranidge
Now in RF: Matt Gazzard
Batting: SHB Wes Pearce 0-0: Ball
1-0: Ball
2-0: Foul Ball, location: 2F
2-1: Foul Ball, location: 5SF
2-2: Ball
3-2: Foul Ball, location: 3SF
3-2: Foul Ball, location: 25F
3-2: Foul Ball, location: 7LDF
3-2: Base on Balls
Pinch Hitting: LHB Tobe Toogood 0-0: Called Strike
0-1: Swinging Strike
0-2: 2-RUN HOME RUN (Flyball, 7D, EV 95.6 MPH), Distance : 369 ft
Batting: RHB Les Freier 0-0: Ball
1-0: Ball
2-0: Fly out, F8 (Flyball, 89M, EV 78.1 MPH)
Batting: SHB David Lewington 0-0: Called Strike
0-1: Ground out 1-3 (Groundball, 13S, EV 64.4 MPH)
Batting: RHB Matt Mashiter 0-0: Foul Ball, location: 9LDF
0-1: Fly out, F9 (Flyball, 89M, EV 96.9 MPH)
Bottom of the 9th over - 2 runs, 1 hit, 0 errors, 0 left on base; Sutherland 6 - Fairfield 5
Tuesday, April 30th , 2024 - OOTP Baseball 24.9 Build 80